 Dungeon Crawl Stone Soup version 0.29-a0-284-gf9362112df (webtiles) character file.

Game seed: 7801338939218529873

5300 spaghetti the Martial Artist (level 10, -8/63 HPs)
             Began as a Demonspawn Venom Mage on Mar 21, 2022.
             Was a Follower of Cheibriados.
             Mangled by a sun demon (24 damage)
             ... summoned by a kobold demonologist
             ... on level 10 of the Dungeon.
             The game lasted 00:16:24 (5671 turns).

spaghetti the Martial Artist (DsVM)                 Turns: 5671, Time: 00:16:24

Health: -8/63      AC:  8    Str:  9    XL:     10   Next: 37%
Magic:  19/22      EV: 12    Int: 23    God:    Cheibriados [*.....]
Gold:   398        SH:  0    Dex: 15    Spells: 7/14 levels left

rFire   . . .      SeeInvis .     - Unarmed
rCold   x . .      Faith    .   (no shield)
rNeg    . . .      Spirit   .   O - +0 steam dragon scales
rPois   .          Reflect  .   (helmet restricted)
rElec   .          Harm     .   L - +0 cloak
rCorr   .          Rampage  .   (no gloves)
Will    .....                   (boots unavailable)
Stlth   +.........              h - amulet of regeneration {@e2}
HPRegen 1.00/turn               u - ring of magical power
MPRegen 0.18/turn               M - ring of fire

@: invisible, fire susceptible, very slow
A: hooves 3, horns 1, demonic guardian 2, spiny 1, demonic touch 1, iridescent
scales 1, mutation resistance 1, weak 1
a: Renounce Religion, Bend Time


You were on level 10 of the Dungeon.
You worshipped Cheibriados.
Cheibriados was aware of your devotion.
You visited 2 branches of the dungeon, and saw 10 of its levels.

You collected 398 gold pieces.


Innate Abilities, Weirdness & Mutations

You have hooves in place of feet.
You have a pair of small horns on your head.
A demonic guardian rushes to your aid.
You are partially covered in sharp spines.
Your touch may inflict minor irresistible damage on your foes.
You are partially covered in iridescent scales. (AC +2)
You are somewhat resistant to further mutation.
You are weak. (Str -2)


   Skills:
 - Level 1.7 Dodging
 - Level 1.7 Stealth
 + Level 13.5 Unarmed Combat
 - Level 2.6 Spellcasting
 - Level 3.0 Conjurations
 - Level 0.8 Transmutations
 - Level 1.0 Air Magic
 - Level 3.0 Poison Magic


You had 7 spell levels left.
You knew the following spells:

 Your Spells              Type           Power      Damage    Failure   Level
a - Sting                 Tmut/Pois      44%        1d5       5%          1
b - Mephitic Cloud        Conj/Pois/Air  13%        N/A       14%         3
c - Inner Flame           Hex/Fire       4%         N/A       36%         3

Your spell library contained the following spells:

 Spells                   Type           Power      Damage    Failure   Level
 Poisonous Vapours        Pois/Air       24%        N/A       9%          2
 Olgreb's Toxic Radiance  Pois           16%        N/A       34%         4
 Gell's Gravitas          Tloc           3%         N/A       36%         3
 Teleport Other           Tloc           3%         N/A       36%         3
 Cause Fear               Hex            1%         N/A       77%         4
 Dispersal                Tloc           1%         N/A       100%        6
 Discord                  Hex            1%         N/A       100%        8

Inventory:

Hand Weapons
 c - a +0 club {mace}
   (You took it off a kobold on level 1 of the Dungeon)
 d - a +0 club {mace}
   (You took it off a goblin on level 1 of the Dungeon)
 e - a +0 dagger {short}
   (You took it off a kobold on level 1 of the Dungeon)
 g - a +0 club {mace}
   (You took it off a goblin on level 1 of the Dungeon)
 i - a +0 club {mace}
   (You took it off a goblin on level 1 of the Dungeon)
 m - a +0 hand axe {axe}
   (You found it on level 1 of the Dungeon)
 n - a +0 hand axe {axe}
   (You found it on level 1 of the Dungeon)
 o - a +0 hunting sling {sling}
   (You found it on level 1 of the Dungeon)
 p - a +0 hunting sling {sling}
   (You found it on level 1 of the Dungeon)
 q - a +0 dagger {short}
   (You took it off a goblin on level 1 of the Dungeon)
 s - a +0 dagger {short}
   (You found it on level 2 of the Dungeon)
 x - a +4 spear {polearm}
   (You found it on level 2 of the Dungeon)
 y - a +0 whip {mace}
   (You took it off an orc on level 3 of the Dungeon)
 A - a +0 spear {polearm}
   (You found it on level 3 of the Dungeon)
 C - a +0 dagger {short}
   (You took it off a goblin on level 3 of the Dungeon)
 D - a +0 club {mace}
   (You took it off a goblin on level 3 of the Dungeon)
 J - the +7 falchion of the Evil Eye {vorpal, rC- Int+3 Stlth+, long}
   (You found it on level 6 of the Dungeon)

   It inflicts extra damage upon your enemies.
   Int:       It affects your intelligence (+3).
   rC:        It makes you vulnerable to cold.
   Stlth:     It makes you more stealthy.
Missiles
 t - 107 stones {throwing}
 K - 5 curare-tipped darts {=fthrowing}
 P - 10 poisoned darts {throwing}
Armour
 a - a +0 robe
 k - a +0 pair of boots
   (You found it on level 1 of the Dungeon)
 L - a +0 cloak (worn)
   (You took it off Crazy Yiuf on level 6 of the Dungeon)
 O - +0 steam dragon scales (worn)
   (You took it off Maggie on level 7 of the Dungeon)
Magical Staves
 f - a staff of death {!astaff}
   (You found it on level 7 of the Dungeon)
 N - a staff of death {!astaff}
   (You found it on level 7 of the Dungeon)
Jewellery
 h - an amulet of regeneration (around neck) {@e2}
   (You found it on level 1 of the Dungeon)
 u - a ring of magical power (left hand)
   (You found it on level 2 of the Dungeon)
 z - a ring of resist corrosion
   (You found it on level 5 of the Dungeon)
 M - a ring of fire (right hand)
   (You found it on level 7 of the Dungeon)
Wands
 R - a wand of polymorph (5)
   (You found it on level 7 of the Dungeon)
Scrolls
 l - 4 scrolls of blinking {!r}
 v - 2 scrolls of brand weapon
 B - a scroll of enchant armour
 F - 4 scrolls of teleportation {@r4}
 G - 3 scrolls of noise {!r}
Potions
 b - a potion of magic
 j - 3 potions of heal wounds {@q2}
 r - 2 potions of mutation {!q}
 I - a potion of flight {unknown}

Dungeon Overview and Level Annotations

Branches:
Dungeon (8/15)             Temple (1/1) D:5            Lair (0/6) D:10
    Orc (0/2) D:10

Altars:
Ashenzari
Cheibriados
Dithmenos
Elyvilon
Fedhas
Gozag
Hepliaklqana
Kikubaaqudgha
Makhleb
Nemelex Xobeh
Okawaru
Qazlal
Ru
Sif Muna
Trog
Uskayaw
Vehumet
Wu Jian
Xom
Yredelemnul
Zin
The Shining One
Ignis

Shops:
D:1 *

Annotations:
D:4 Sigmund

*,**≈≈≈****≈,≈
*,**,≈≈* **≈,
*,**,≈≈****≈≈,
********,**≈,≈**≈≈≈≈,
*,,,,,,,,,,,,≈,≈,≈,≈*
#,*********,,,≈,,≈,,,
#.####### *,,,,,,≈,,,
#....♣..# *,,,,*,,,,,
*#♣≈@3♣.##*,,,,,,,,,,
#P≈≈YYO♣†#*,,,,,,****
##≈P.≈Y≈.#*****,**,,,
#.≈≈≈≈5†.# *,*,,≈≈
#P≈≈≈≈K).#*** *,*,≈≈≈
*#.≈.≈≈.).†.,***,*,,≈≈
*..≈≈≈≈≈.♣...**,,**,,,
#.P≈≈.≈≈≈.$..*,,,,****
*,#≈≈≈.≈≈,..,*,*,,,,,,


You could see a two-headed ogre, a sun demon (summoned), a kobold demonologist,
3 yaks and a quasit (summoned).


Message History

Your yak is engulfed in noxious fumes.
Your yak gores the acid dragon!
The yak gores your yak!
The yak is engulfed in noxious fumes.
The yak gores the yak.
The yak is engulfed in noxious fumes.
The yak snorts and paws the water.
The yak gores you! The acid dragon spits acid at you.
The splash of acid misses you. 😮 HP[-7] MP[+1]
You take 7 damage, and now have 44/63 hp.
You barely miss the acid dragon. You punch the acid dragon.
Your yak is engulfed in noxious fumes.
Your yak appears confused.
The acid dragon bites you but does no damage.
The acid dragon barely misses you. The yak gores your yak!
Your yak dies!
Your yak's corpse dissolves into shadows!
The yak is engulfed in noxious fumes.
The yak is struck by your spines. The yak misses you. 😮 HP[+1]
You hit the acid dragon but do no damage.
Your kick misses the acid dragon. Your punch misses the acid dragon.
The kobold demonologist casts a spell.
The acid dragon closely misses you. x2; The yak is engulfed in noxious fumes.
The yak appears confused.
The yak gores the acid dragon.
The sun demon shouts!
You strike the helpless acid dragon from behind!
You hit the acid dragon but do no damage.
You kick the acid dragon, but do no damage.
Your touch misses the acid dragon. 😮 HP[+1]
You strike the helpless acid dragon from behind!
You hit the acid dragon but do no damage.
Your kick misses the acid dragon. You headbutt the acid dragon.
You touch the acid dragon.
You punch the acid dragon, but do no damage.
The acid dragon closely misses you. The acid dragon barely misses you.
The yak is engulfed in noxious fumes.
The yak appears confused.
The yak barely misses you. 😮 HP[+1]
You barely miss the acid dragon. Your kick misses the acid dragon.
Your headbutt misses the acid dragon. Your touch misses the acid dragon.
You punch the acid dragon!
You kill the acid dragon!
Cheibriados appreciates the change of pace.
You can now bend time to slow others.
Cheibriados raises the support of your attributes as your movement slows.
The two-headed ogre shouts in stereo!
The yak is engulfed in noxious fumes.
The yak appears confused.
The yak barely misses you. 😕 HP[+1]
You catch the helpless yak completely off-guard!
You hit the yak. Your touch misses the yak. You punch the yak!
The yak is engulfed in noxious fumes.
The yak is struck by your spines.
You kill the yak!
Cheibriados thoroughly appreciates the change of pace. 😕 HP[+1]
You hit the yak but do no damage. You kick the yak.
You touch the yak. 😕 MP[+1]
You punch the two-headed ogre! You kick the two-headed ogre.
You headbutt the two-headed ogre.
You touch the two-headed ogre.
The two-headed ogre hits you with a +0 giant spiked club!!
* * * LOW HITPOINT WARNING * * *
A demonic guardian appears!
The two-headed ogre closely misses you. 😨 HP[-23]
You take 23 damage, and now have 26/63 hp.
MASSIVE DAMAGE!! (PAUSE)
You hit the two-headed ogre. You kick the two-headed ogre!
You headbutt the two-headed ogre, but do no damage.
The yak gores your orange demon!! The yak gores your orange demon!
The kobold demonologist hits your orange demon but does no damage. 😨 HP[+1]
You punch the two-headed ogre! You kick the two-headed ogre.
Your orange demon stings the yak!
Your orange demon splashes around in the water.
The yak gores your orange demon! The two-headed ogre misses you.
The two-headed ogre hits you with a +0 giant spiked club!
* * * LOW HITPOINT WARNING * * *
The kobold demonologist hits your orange demon but does no damage. 😱 HP[-15]
You take 15 damage, and now have 12/63 hp.
MASSIVE DAMAGE!! (PAUSE)
The sun demon hits your orange demon.
Your orange demon is engulfed in flames!
Your orange demon dies!
Your orange demon disappears in a puff of smoke!
You see here a yak corpse. 😱 HP[+1] 😱 HP[+1] 😨 HP[+2] MP[+1]
You regained 2 hp, and now have 16/63 hp.
You enter the shallow water.
Moving in this stuff is going to be slow. ...and don't expect to remain undetected.
The kobold demonologist mumbles some strange words.
The yak gores the sun demon. 😨 HP[+1]
The yak is struck by your spines. The yak gores you.
* * * LOW HITPOINT WARNING * * *
The yak gores itself.
The sun demon hits you!!
You die...

Skill      XL: |  1  2  3  4  5  6  7  8  9 10 |
---------------+-------------------------------+-----
Unarmed Combat | 1 2 3 4 7 10 12 13 | 13.5
Conjurations   | 2 3 |  3.0
Air Magic      | 1 |  1.0
Dodging        | |  1.7
Stealth        | |  1.7
Spellcasting   | |  2.6
Transmutations | |  0.8
Poison Magic   | |  3.0

Action                   |  1- 3 |  4- 6 |  7- 9 | 10-12 || total
-------------------------+-------+-------+-------+-------++-------
Melee: Unarmed           |    92 |    20 |    72 |    16 ||   200
       Headbutt          |    11 |     5 |    21 |     5 ||    42
       Touch             |       |     3 |    11 |     3 ||    17
       Punch             |       |       |     6 |     5 ||    11
       Kick              |       |       |       |     6 ||     6
 Cast: Sting             |    58 |    72 |    84 |       ||   214
       Mephitic Cloud    |       |     1 |    16 |     2 ||    19
       Inner Flame       |       |       |     1 |       ||     1
Invok: Foxfire Swarm     |       |     4 |     3 |       ||     7
       Rising Flame      |       |     1 |       |       ||     1
       Fiery Armour      |       |       |     2 |       ||     2
  Use: Scroll            |       |     6 |     3 |     2 ||    11
       Potion            |       |       |     2 |     3 ||     5
 Stab: Sleeping          |     1 |     1 |       |       ||     2
       Confused          |       |       |     1 |       ||     1
       Invisible         |       |       |       |     3 ||     3
Armor: Robe              |    30 |    18 |    12 |       ||    60
       Steam dragon scal |       |       |     2 |     1 ||     3
Dodge: Dodged            |    88 |    47 |    62 |    14 ||   211

Levels and vault maps discovered:
D:1:      onia_arrival_zoo_common, layout_rooms,
          dilly_ecumenical_altar_fadedgnrine, serial_shops,
          nicolae_shop_competitors_out_of_business
D:2:      layout_basic, minmay_heptomino_o4
D:3:      layout_rooms, nicolae_ru_path_of_blood, minmay_strange_pillars,
          serial_bayou_pond_d
D:4:      layout_loops_ring, minivault_23, uniq_natasha, uniq_grinder,
          uniq_sigmund
D:5:      layout_cave_pools, minmay_temple_entry_hall
D:6:      layout_basic, uniq_crazy_yiuf_cottage, uniq_menkaure
D:7:      layout_loops_ring, uniq_maggie
D:8:      layout_loops_ring, minmay_misc_feat_more_columns
D:10:     layout_rooms, erik_lair_orcish_takeover, orc_0_dummy, serial_bayou,
          serial_bayou_shore_a, serial_bayou_pond_c, serial_bayou_lagoon_a,
          serial_bayou_pond_b, serial_bayou_shore_b, minmay_fire_ice_demons
Temple:   compressed_dpeg_circular_temple

Notes
Turn   | Place    | Note
-------+----------+-------------------------------------------
     0 | D:1      | spaghetti the Demonspawn Venom Mage began the quest for the
                  | Orb.
     0 | D:1      | Reached XP level 1. HP: 13/13 MP: 3/3
     0 | D:1      | magus.rc [v1.9.6]
     6 | D:1      | Noticed a komodo dragon
     6 | D:1      | Noticed a killer bee
     6 | D:1      | Noticed a black bear
     7 | D:1      | Noticed a swamp worm
     7 | D:1      | Noticed a black mamba
   439 | D:1      | You feel monstrous as your demonic heritage exerts itself.
   439 | D:1      | Discovered your monstrous ancestry.
   439 | D:1      | Gained mutation: You have a pair of small horns on your
                  | head. [demonic ancestry]
   439 | D:1      | Reached XP level 2. HP: 15/19 MP: 0/5
   504 | D:1      | Found Sanuled's Assorted Antiques.
   758 | D:1      | Reached skill level 1 in Unarmed Combat
  1115 | D:1      | Found a faded altar of an unknown god.
  1120 | D:1      | Gained mutation: A weak demonic guardian rushes to your
                  | aid. [demonic ancestry]
  1120 | D:1      | Reached XP level 3. HP: 24/24 MP: 2/6
  1126 | D:1      | Prayed at the altar of an unknown god.
  1126 | D:1      | Became a worshipper of Ignis, the Dying Flame
  1337 | D:2      | Reached skill level 2 in Unarmed Combat
  1850 | D:2      | Learned a level 3 spell: Mephitic Cloud
  1910 | D:3      | You add the spells Gell's Gravitas, Teleport Other and
                  | Dispersal to your library.
  1921 | D:3      | Gained mutation: You have large cloven feet. [demonic
                  | ancestry]
  1921 | D:3      | Reached XP level 4. HP: 20/30 MP: 7/7
  1926 | D:3      | Reached skill level 1 in Conjurations
  1929 | D:3      | Reached skill level 1 in Air Magic
  2439 | D:3      | Reached skill level 3 in Unarmed Combat
  2548 | D:3      | Found a sacrificial altar of Ru.
  2588 | D:4      | Noticed Natasha
  2599 | D:4      | Killed Natasha
  2600 | D:4      | Reached skill level 2 in Conjurations
  2600 | D:4      | Gained mutation: You have hoof-like feet. [demonic
                  | ancestry]
  2600 | D:4      | Reached XP level 5. HP: 31/35 MP: 8/8
  2699 | D:4      | Noticed Grinder
  2704 | D:4      | Paralysed by Grinder for 3 turns
  2706 | D:4      | HP: 6/35 [Grinder (6)]
  2706 | D:4      | HP: 2/35 [Grinder (4)]
  2712 | D:4      | Noticed Sigmund
  2818 | D:4      | Killed Grinder
  2819 | D:4      | Reached skill level 4 in Unarmed Combat
  2819 | D:4      | Reached skill level 3 in Conjurations
  2819 | D:4      | Gained mutation: Your touch may inflict minor irresistible
                  | damage on your foes. [demonic ancestry]
  2819 | D:4      | Reached XP level 6. HP: 41/41 MP: 9/9
  2893 | D:5      | Entered Level 5 of the Dungeon
  3032 | D:5      | You pick up a book of Hexes and begin reading...
  3032 | D:5      | You add the spells Inner Flame, Cause Fear and Discord to
                  | your library.
  3040 | D:5      | Noticed a two-headed ogre
  3047 | D:5      | Reached skill level 5 in Unarmed Combat
  3076 | D:5      | Killed a two-headed ogre
  3077 | D:5      | Reached skill level 7 in Unarmed Combat
  3077 | D:5      | Reached XP level 7. HP: 37/46 MP: 8/10
  3077 | D:5      | Gained mutation: You are partially covered in sharp spines.
                  | [demonic ancestry]
  3077 | D:5      | Reached XP level 8. HP: 42/52 MP: 8/11
  3194 | D:5      | You pick up a book of Hexes and begin reading...
  3222 | D:5      | Found a staircase to the Ecumenical Temple.
  3256 | D:5      | Reached skill level 8 in Unarmed Combat
  3890 | D:6      | Identified the +7 falchion of the Evil Eye {vorpal, rC-
                  | Int+3 Stlth+}
  3936 | D:6      | Noticed Menkaure
  3943 | D:6      | Killed Menkaure
  4104 | D:6      | Found a runed translucent door.
  4105 | D:6      | Noticed Crazy Yiuf
  4159 | D:6      | Reached skill level 9 in Unarmed Combat
  4276 | D:6      | Killed Crazy Yiuf
  4346 | D:7      | Noticed a two-headed ogre
  4356 | D:7      | Killed a two-headed ogre
  4357 | D:7      | Reached skill level 10 in Unarmed Combat
  4357 | D:7      | Gained mutation: A demonic guardian rushes to your aid.
                  | [demonic ancestry]
  4357 | D:7      | Reached XP level 9. HP: 38/57 MP: 12/12
  4392 | D:7      | Reached skill level 11 in Unarmed Combat
  4630 | D:7      | Noticed a two-headed ogre
  4642 | D:7      | HP: 4/57 [two-headed ogre/+0 giant spiked club (24)]
  4761 | Temple   | Entered the Ecumenical Temple
  4855 | Temple   | Fell from the grace of Ignis
  4855 | Temple   | Became a worshipper of Cheibriados the Contemplative
  4860 | Temple   | Learned a level 3 spell: Inner Flame
  4998 | D:7      | Noticed Maggie
  5006 | D:7      | Killed Maggie
  5007 | D:7      | Reached skill level 12 in Unarmed Combat
  5297 | D:7      | You fall into a shaft and drop 1 floor!
  5514 | D:7      | Killed a two-headed ogre
  5515 | D:7      | Reached XP level 10. HP: 48/63 MP: 11/13
  5643 | D:7      | You fall into a shaft and drop 3 floors!
  5643 | D:10     | Entered Level 10 of the Dungeon
  5643 | D:10     | Noticed a two-headed ogre
  5651 | D:10     | Reached skill level 13 in Unarmed Combat
  5652 | D:10     | Gained mutation: You are weak. (Str -2) [potion of
                  | mutation]
  5652 | D:10     | Gained mutation: You have hooves in place of feet. [potion
                  | of mutation]
  5652 | D:10     | Gained mutation: You are partially covered in iridescent
                  | scales. (AC +2) [potion of mutation]
  5652 | D:10     | Gained mutation: You are somewhat resistant to further
                  | mutation. [potion of mutation]
  5658 | D:10     | Noticed a sun demon
  5661 | D:10     | Reached * piety under Cheibriados
  5666 | D:10     | HP: 12/63 [two-headed ogre/+0 giant spiked club (16)]
  5671 | D:10     | Mangled by a sun demon

Vanquished Creatures
  3 two-headed ogres
  Maggie (D:7)
  Grinder (D:4)
  6 yaks
  Menkaure (D:6)
  An acid dragon (D:10)
  An ice beast (D:6)
  A black bear (D:7)
  2 ogres
  3 centaurs (D:10)
  A kobold brigand (D:8)
  2 bullfrogs (D:7)
  2 necrophages
  2 scorpions (D:7)
  A howler monkey (D:6)
  6 hounds
  An orc wizard (D:6)
  Natasha (D:4)
  An iguana (D:5)
  4 gnolls (D:7)
  11 adders
  A shadow imp (D:5)
  A white imp (D:5)
  3 ufetubi
  2 dart slugs
  6 orcs
  7 ball pythons
  4 endoplasms
  3 giant cockroaches
  6 goblins
  5 hobgoblins
  2 jackals (D:1)
  7 kobolds
  3 quokkas
  8 bats
  7 rats
117 creatures vanquished.

Vanquished Creatures (collateral kills)
  2 yaks (D:10)
  A centaur (D:10)
  A kobold brigand (D:10)
  Crazy Yiuf (D:6)
  An orc (D:5)
6 creatures vanquished.

Vanquished Creatures (others)
  77 foxfires
  6 plants
83 creatures vanquished.

Grand Total: 206 creatures vanquished

Table legend:
 A = Non-vault XP
 B = Vault XP
 C = Vault XP percentage of total XP
 D = Non-vault monster count
 E = Vault monster count
 F = Vault count percentage of total count
                 A         B        C        D         E       F
            +---------+---------+-------+---------+---------+-------
      Total |    5835 |    1737 |  22.9 |     109 |      14 |  11.4
            +---------+---------+-------+---------+---------+-------
        D:1 |      44 |       0 |   0.0 |      24 |       0 |   0.0
        D:2 |      27 |       5 |  15.6 |       9 |       3 |  25.0
        D:3 |     115 |       0 |   0.0 |      17 |       0 |   0.0
        D:4 |       9 |     307 |  97.2 |       4 |       2 |  33.3
        D:5 |    1212 |       0 |   0.0 |      15 |       0 |   0.0
        D:6 |     509 |     205 |  28.7 |      13 |       2 |  13.3
        D:7 |    2959 |     389 |  11.6 |      17 |       1 |   5.6
        D:8 |     109 |       0 |   0.0 |       5 |       0 |   0.0
       D:10 |     851 |     831 |  49.4 |       5 |       6 |  54.5
            +---------+---------+-------+---------+---------+-------

Illustrated notes

Table legend:
 A = Kills in this place as a percentage of kills in entire the game.
 B = Kills by you in this place as a percentage of kills by you in the entire game.
 C = Kills by friends in this place as a percentage of kills by friends in the entire game.
 D = Other kills in this place as a percentage of other kills in the entire game.
 E = Experience gained in this place as a percentage of experience gained in the entire game.
 F = Experience gained in this place divided by the number of levels of this place that you have seen.
                   A       B       C       D       E      F
               +-------+-------+-------+-------+-------+----------------------
         Total | 100.0 | 100.0 | 100.0 | 100.0 | 100.0 | 757.2
       Dungeon | 100.0 | 100.0 | 100.0 | 100.0 | 100.0 | 841.3
               +-------+-------+-------+-------+-------+----------------------

Table legend: (Time is in decaauts)
 A = Elapsed time spent in this place.
 B = Non-inter-level travel time spent in this place.
 C = Inter-level travel time spent in this place.
 D = Time resting spent in this place.
 E = Time spent auto-exploring this place.
 F = Levels seen in this place.
 G = Mean time per level.
                   A        B        C        D        E       F      G
               +--------+--------+--------+--------+--------+-----+--------+
         Total |   5739 |   5428 |    311 |    584 |   3720 |  10 |  573.9 |
       Dungeon |   5626 |   5330 |    296 |    584 |   3661 |   9 |  625.1 |
        Temple |    113 |     99 |     14 |      0 |     59 |   1 |  113.0 |
               +--------+--------+--------+--------+--------+-----+--------+

Top non-repeatable levels by time:
     D:1: 1260 daAuts
     D:7: 889 daAuts
     D:5: 829 daAuts
     D:6: 827 daAuts
     D:3: 738 daAuts
     D:2: 631 daAuts
     D:4: 262 daAuts
     D:8: 162 daAuts
  Temple: 113 daAuts
    D:10: 25 daAuts
